 Dungeon Crawl Stone Soup version 0.29-a0-322-g68df515 (webtiles) character file.

Game seed: 8715142532921934969

9 Toastz the Vexing (level 2, 0/16 HPs)
             Began as a Deep Elf Arcane Marksman on Apr 7, 2022.
             Slain by a ball python (1 damage)
             ... on level 1 of the Dungeon.
             The game lasted 00:01:08 (235 turns).

Toastz the Vexing (Deep Elf Arcane Marksman)         Turns: 235, Time: 00:01:08

Health: 0/16       AC:  2    Str:  7    XL:     2   Next: 6%
Magic:  5/6        EV:  9    Int: 17    God:
Gold:   9          SH:  0    Dex: 15    Spells: 3/4 levels left

rFire   . . .      SeeInvis .   a - +0 shortbow
rCold   . . .      Faith    .   (shield currently unavailable)
rNeg    . . .      Spirit   .   b - +0 robe
rPois   .          Reflect  .   (no helmet)
rElec   .          Harm     .   (no cloak)
rCorr   .          Rampage  .   (no gloves)
Will    .....                   (no boots)
Stlth   +.........              (no amulet)
HPRegen 0.05/turn               (no ring)
MPRegen 0.10/turn               (no ring)

@: constricted
A: no striking features
a: no special abilities


You were on level 1 of the Dungeon.
You visited 1 branch of the dungeon, and saw 1 of its levels.

You collected 9 gold pieces.

Inventory:

Hand Weapons
 a - a +0 shortbow (weapon)
Armour
 b - a +0 robe (worn)
Scrolls
 c - a scroll of vulnerability
Potions
 d - a potion of lignification {unknown}
 e - a potion of degeneration {unknown}


   Skills:
 + Level 1.3 Fighting
 + Level 3.3 Bows
 - Level 2.4 Dodging
 - Level 1.5 Spellcasting
 - Level 4.0 Hexes


You had 3 spell levels left.
You knew the following spells:

 Your Spells              Type           Power      Damage    Failure   Level
a - Slow                  Hex            56%        N/A       4%          1

Your spell library contained the following spells:

 Spells                   Type           Power      Damage    Failure   Level
 Inner Flame              Hex/Fire       8%         N/A       26%         3
 Portal Projectile        Hex/Tloc       16%        N/A       26%         3
 Cause Fear               Hex            7%         N/A       36%         4


Dungeon Overview and Level Annotations

Branches:
Dungeon (1/15)

Altars:


Message History

You kill the ball python!
The ball python bites you. The ball python grabs you.
The ball python constricts you.
You have reached level 2!
You are too injured to fight recklessly!
You are too injured to fight recklessly!
Shoot: a) +0 shortbow
Press: ? - help, Q - select action, (/) - cycle Shift-Dir - straight line, f - ball python
Aim: a ball python (constricting you, 55% to hit)
You shoot an arrow.
The arrow hits the ball python but does no damage.
The ball python bites you but does no damage.
The ball python constricts you. The ball python bites you.
The ball python constricts you.
Shoot: a) +0 shortbow
Press: ? - help, Q - select action, (/) - cycle Shift-Dir - straight line, f/p - ball python
Aim: a ball python (constricting you, 55% to hit)
You shoot an arrow.
The arrow closely misses the ball python.
The arrow hits the ball python.
You kill the ball python!
The ball python closely misses you. The ball python constricts you.
Shoot: a) +0 shortbow
Press: ? - help, Q - select action, (/) - cycle Shift-Dir - straight line, f/p - ball python
Aim: a ball python (constricting you, 55% to hit)
You shoot an arrow.
The arrow closely misses the ball python.
The ball python misses you. The ball python constricts you.
The ball python barely misses you. The ball python constricts you.
Shoot: a) +0 shortbow
Press: ? - help, Q - select action, (/) - cycle Shift-Dir - straight line, f/p - ball python
Aim: a ball python (constricting you, 55% to hit)
You shoot an arrow.
The arrow closely misses the ball python.
The ball python bites you.
* * * LOW HITPOINT WARNING * * *
The ball python constricts you.
* * * LOW HITPOINT WARNING * * *
The ball python bites you.
You die...

........... .#. ....
........... ##..#
#..########.#.†##
##.... #...... #.#..#.
.#...$. #...>#
#.#.#.... .......
#....# ...#....#. #....
#....#..#####.##.
##...##................
#...†S@...#########†##.
#..#####............##.
##.#####.#............#
......................
.#.####.#............#
#.#............#
#.#............#
#.#............#
..##############


You could see a ball python.

Vanquished Creatures
  4 ball pythons (D:1)
  An endoplasm (D:1)
  A hobgoblin (D:1)
  A quokka (D:1)
7 creatures vanquished.

Notes
Turn   | Place    | Note
-------+----------+-------------------------------------------
     0 | D:1      | Toastz the Deep Elf Arcane Marksman began the quest for the
                  | Orb.
     0 | D:1      | Reached XP level 1. HP: 11/11 MP: 5/5
   175 | D:1      | Reached skill level 1 in Fighting
   232 | D:1      | Reached XP level 2. HP: 8/16 MP: 4/6
   235 | D:1      | Slain by a ball python

Illustrated notes

Levels and vault maps discovered:
D:1:      ncdulo_smallfort, layout_basic, nicolae_ecumenical_snake_handling

Skill      XL: |  1 |
---------------+----+-----
Fighting       | 1 |  1.3
Bows           | 3 |  3.3
Dodging        | |  2.4
Spellcasting   | |  1.5
Hexes          | |  4.0

Action                   || total
-------------------------++-------
 Fire: Shortbow          ||    20
 Cast: Slow              ||     5
Armor: Robe              ||     1
Dodge: Dodged            ||     6

Table legend: (Time is in decaauts)
 A = Elapsed time spent in this place.
 B = Non-inter-level travel time spent in this place.
 C = Inter-level travel time spent in this place.
 D = Time resting spent in this place.
 E = Time spent auto-exploring this place.
 F = Levels seen in this place.
 G = Mean time per level.
                   A        B        C        D        E       F      G
               +--------+--------+--------+--------+--------+-----+--------+
         Total |    241 |    241 |      0 |      0 |    200 |   1 |  241.0 |
       Dungeon |    241 |    241 |      0 |      0 |    200 |   1 |  241.0 |
               +--------+--------+--------+--------+--------+-----+--------+

Top non-repeatable levels by time:
     D:1: 241 daAuts
